 Dungeon Crawl Stone Soup version 0.14.0-15-g6b16f67 (webtiles) character file.

247 Ragg the Ruffian (level 5, -4/53 HPs)
             Began as a Troll Monk on Apr 17, 2014.
             Slain by Menkaure (19 damage)
             ... on Level 4 of the Dungeon.
             The game lasted 00:06:14 (1890 turns).

Ragg the Ruffian (Troll Monk)                       Turns: 1890, Time: 00:06:15

HP  -4/53        AC  5     Str 19      XL: 5   Next: 29%
MP   2/2         EV 11     Int  7      God:
Gold 72          SH  0     Dex 12      Spells:  0 memorised,  4 levels left

rFire  . . .     SeeInvis .       - Unarmed
rCold  . . .     Clarity  .     a - +0 robe
rNeg   . . .     Conserve .     (shield restricted)
rPois  .         rCorr    .     (helmet restricted)
rElec  .         rRot     .     (no cloak)
SustAb . .       Spirit   .     (gloves unavailable)
rMut   .         Warding  .     (boots unavailable)
Gourm  +         Stasis   .     (no amulet)
MR     .....                    (no ring)
                                (no ring)

@: not resistant to hostile enchantments, unstealthy
A: unfitting armour, claws 3, fast metabolism 3, gourmand, regeneration 2,
saprovore 2, shaggy fur 1, tough skin 2
a: no special abilities


You were on level 4 of the Dungeon.
You were very full.

You visited 1 branch of the dungeon, and saw 4 of its levels.

You collected 72 gold pieces.

Inventory:

Armour
 a - a +0 robe (worn)
Magical devices
 m - a wand of random effects (3)
 q - a wand of teleportation (3)
Comestibles
 b - 2 meat rations
 h - a bread ration
 j - a beef jerky
 l - a lychee
Scrolls
 c - a scroll of identify
 e - 4 scrolls of remove curse {unknown}
 f - a scroll of noise {unknown}
 g - a scroll of teleportation
 p - a scroll of recharging {unknown}
 r - a scroll of blinking {unknown}
Potions
 d - a potion of curing
 i - a potion of invisibility {unknown}
 k - a potion of restore abilities {unknown}
 n - a potion of paralysis {unknown}
 o - a potion of heal wounds {unknown}
 s - a potion of mutation {unknown}


   Skills:
 + Level 3.4 Fighting
 + Level 3.4 Dodging
 - Level 1.1 Stealth
 + Level 5.1 Unarmed Combat


You had 4 spell levels left.
You didn't know any spells.

Dungeon Overview and Level Annotations

Branches:
Dungeon (4/15)
 Temple: D:4-7

Altars:
Dithmenos
Trog

Annotations:
D:4 Menkaure


Innate Abilities, Weirdness & Mutations

You are too large for most types of armour.
You have claws for hands.
Your metabolism is lightning-fast.
You like to eat raw meat.
You heal very quickly.
You can eat rotten meat.
You are covered in fur (AC +1).
You have very tough skin (AC +2).


Message History

You completely miss the hobgoblin. You claw the hobgoblin.
You kill the hobgoblin!
Menkaure closely misses you.
You see here a hobgoblin corpse.
You hit Menkaure.
Menkaure is lightly damaged.
Menkaure casts a spell at you. Pain shoots through your body!
You claw Menkaure!
Menkaure is severely damaged.
Menkaure calls on the powers of darkness!
The giant gecko convulses!
Your body is wracked with pain!
You hit Menkaure.
Menkaure is almost destroyed.
Menkaure calls on the powers of darkness!
The giant gecko convulses!
Your body is wracked with pain!
* * * LOW HITPOINT WARNING * * *
The giant gecko bites you but does no damage.
Menkaure hits you!
You die...

#. ##.####
..... #...
##..# #..<####
#......# #.#
#...##.##......
###...@........
#..lM....#.##
#......<.#
#........#
#..........
#.......###
#.......#
#.......# ###


You could see Menkaure and a giant gecko.

Vanquished Creatures
  An orc wizard (D:3)
  5 adders
  6 worms
  A giant gecko (D:1)
  2 orcs (D:3)
  8 bats
  2 giant cockroaches (D:2)
  6 goblins
  11 hobgoblins
  7 jackals (D:3)
  A quokka (D:2)
  9 giant newts
  3 kobolds
  6 rats
68 creatures vanquished.

Notes
Turn   | Place    | Note
--------------------------------------------------------------
     0 | D:1      | Ragg, the Troll Monk, began the quest for the Orb.
     0 | D:1      | Reached XP level 1. HP: 22/22 MP: 1/1
   205 | D:1      | Reached XP level 2. HP: 25/29 MP: 1/1
   591 | D:2      | Reached XP level 3. HP: 36/36 MP: 2/2
   895 | D:2      | Found a shadowy altar of Dithmenos.
   982 | D:2      | Noticed a moth of wrath
   986 | D:2      | Found a bloodstained altar of Trog.
  1033 | D:2      | Reached XP level 4. HP: 29/45 MP: 2/2
  1490 | D:3      | Reached XP level 5. HP: 43/53 MP: 2/2
  1532 | D:3      | Reached skill level 5 in Unarmed Combat
  1883 | D:4      | Noticed Menkaure
  1890 | D:4      | Slain by Menkaure

Action                   |  1- 3 |  4- 6 || total
-------------------------+-------+-------++-------
Melee: Unarmed           |   113 |   103 ||   216
Evoke: Wand              |     1 |     1 ||     2
  Use: Scroll            |       |     4 ||     4
 Stab: Sleeping          |     1 |       ||     1
